 Dungeon Crawl Stone Soup version 0.31.0-11-ge490571c62 (webtiles) character file.

Game seed: 5708485759806121330

3329 Gadfly the Insei (level 9, -15/69 HPs)
             Began as a Demonspawn Monk on Jan 28, 2024.
             Was an Elder of Wu Jian.
             Demolished by an orc warrior
             ... wielding a +0 war axe
              (27 damage)
             ... in a bailey.
             The game lasted 00:14:24 (6674 turns).

Gadfly the Insei (Demonspawn Monk)                  Turns: 6674, Time: 00:14:24

Health: -15/69     AC:  7    Str: 15    XL:     9   Next: 71%
Magic:  9/9        EV: 15    Int: 12    God:    Wu Jian [****..]
Gold:   195        SH:  0    Dex: 17    Spells: 8/8 levels left

rFire   + . .        b - +0 short sword (flame)
rCold   + + .        c - orb {light}
rNeg    + . .        h - +2 robe {rC+ rF+}
rPois   .            (helmet restricted)
rElec   .            e - +2 cloak "Saebehe" {rC+ rN+ Regen+ Int+2}
rCorr   .            (no gloves)
SInv    .            (no boots)
Will    .....        (no amulet)
Stlth   +            j - +4 ring of slaying
HPRegen 1.11/turn    (no ring)
MPRegen 0.11/turn

%: no passive effects
@: glowing
A: antennae 2, hooves 2, weakness stinger 1
a: Renounce Religion, Wall Jump, Serpent's Lash


You were in a bailey.
You worshipped Wu Jian.
Wu Jian was greatly pleased with you.
You visited 2 branches of the dungeon, and saw 9 of its levels.
You also visited: Ossuary and Bailey.

You collected 499 gold pieces.
You spent 304 gold pieces at shops.

Inventory:

Hand Weapons
 b - a +0 short sword of flaming (weapon)
 v - a +2 short sword of flaming
 w - a +1 falchion
Armour
 c - an orb of light (worn)
 e - the +2 cloak "Saebehe" (worn) {rC+ rN+ Regen+ Int+2}
   (You found it on level 3 of the Dungeon)

   Int+2:     It affects your intelligence (+2).
   rC+:       It protects you from cold.
   rN+:       It protects you from negative energy.
   Regen+:    It increases your rate of health regeneration.
 h - a +2 robe of resistance (worn)
Jewellery
 j - a +4 ring of slaying (left hand)
Wands
 k - a wand of mindburst (25)
 m - a wand of roots (11)
 t - a wand of flame (85) (quivered)
Scrolls
 g - 8 scrolls of teleportation
 q - 2 scrolls of enchant weapon
 r - 2 scrolls of fog
 x - a scroll of fear
 y - a scroll of brand weapon
Potions
 a - 7 potions of curing
 d - a potion of heal wounds
 f - 2 potions of haste
 i - 2 potions of mutation
 l - a potion of ambrosia
 n - 2 potions of cancellation
 o - a potion of lignification
 p - a potion of might
 s - a potion of attraction
 u - a potion of resistance {unknown}


   Skills:
 + Level 5.9 Fighting
 * Level 6.5 Dodging
 * Level 6.6 Unarmed Combat
 + Level 5.3 Evocations
 * Level 5.7 Shapeshifting


You had 8 spell levels left.
You didn't know any spells.
Your spell library contained the following spells:

 Spells                   Type           Power      Damage    Failure   Level
 Hailstorm                Conj/Ice       0%         3d5       69%         3
 Summon Ice Beast         Ice/Summ       0%         N/A       69%         3
 Summon Mana Viper        Hex/Summ       0%         N/A       100%        5
 Sculpt Simulacrum        Ice/Alch       0%         N/A       100%        6
 Monstrous Menagerie      Summ           0%         N/A       100%        7


Dungeon Overview and Level Annotations

Branches:
Dungeon (8/15)             Temple (1/1) D:4         Ossuary (visited)
 Bailey (1/1)
   Lair: D:8-11

Altars:
Ashenzari
Cheibriados
Dithmenos
Fedhas
Hepliaklqana
Kikubaaqudgha
Makhleb
Nemelex Xobeh
Okawaru
Qazlal
Sif Muna
Trog
Uskayaw
Vehumet
Wu Jian
Xom
Yredelemnul

Shops:
D:5 ![*!!


Innate Abilities, Weirdness & Mutations

You have a pair of antennae on your head.
You have hoof-like feet.
You have a small tail.


Message History

The Council accepts your kill.
The grasping roots constrict the orc warrior.
The grasping roots constrict the orc knight!
You hear a shout! x3
The orc warrior barely misses you.
The orc knight roars a battlecry!
The orc warrior goes into a battle-frenzy!
The grasping roots constrict the orc warrior, but do no damage.
The grasping roots constrict the orc knight.
The orc warrior struggles to escape constriction.
The orc knight struggles to escape constriction.
The grasping roots constrict the orc warrior!
The grasping roots constrict the orc knight!
The roots release their grip on the orc warrior.
The orc knight escapes!
The orc warrior no longer looks unusually strong.
There is an open gate here.
Things that are here:
a +0 hand axe; a +0 leather armour
Aiming: Mindburst
Press: ? - help, Shift-Dir - straight line, f - orc knight
Aim: an orc knight, wielding a +0 war axe and wearing a +0 plate armour (severely wounded, haloed, chance to affect: 68%)
The orc knight struggles to resist.
Aiming: Mindburst
Press: ? - help, Shift-Dir - straight line, f/p - orc knight
Aim: an orc knight, wielding a +0 war axe and wearing a +0 plate armour (severely wounded, haloed, chance to affect: 68%)
The orc knight struggles to resist.
The orc warrior closely misses you.
The orc knight roars a battlecry!
The orc warrior goes into a battle-frenzy!
You hit the orc knight. You burn the orc knight. You kick the orc knight!
The orc knight is almost dead.
The orc warrior hits you with a +0 hand axe!
* * * LOW HITPOINT WARNING * * *
The orc knight completely misses you.
Unknown command.
You hit the orc knight but do no damage.
You kick the orc knight, but do no damage.
The orc knight is almost dead.
The orc warrior hits you with a +0 war axe!!
You die...

#.)...... #.g......
###.....o. ♣♣♣♣♣♣
###.#'#.....
♣....♣♣♣###...).###.##
♣♣......##.........###
♣♣.......#...........#
♣......go'...........#
♣...∩.∩@o)....)))....#
♣.......o)......)....#
♣♣.......#...........#
♣♣......##.........###
♣....♣♣♣###.....###.##
♣..♣♣♣ ###.#)#.....
♣♣♣♣ ###)).....
#........ #........


You could see an orc knight, 2 orc warriors and a gnoll.

Vanquished Creatures
  Sigmund (D:2)
  A wyvern (D:5)
  A steam dragon (D:7)
  A water moccasin (D:7)
  A black bear (D:7)
  4 orc warriors
  An ice beast (D:6)
  2 ogres
  2 phantoms
  A kobold brigand (D:8)
  A gnoll sergeant (D:6)
  5 scorpions
  2 bullfrogs
  2 wights (Ossuary)
  3 killer bees (D:7)
  2 burial acolytes (Ossuary)
  2 gnoll boudas (D:7)
  7 hounds
  2 orc priests
  Jessica (D:3)
  6 iguanas
  3 orc wizards
  Natasha (thrice) (D:3)
  5 adders
  13 gnolls
  A shadow imp (D:7)
  3 white imps
  4 dart slugs
  A ribbon worm (D:4)
  34 orcs
  4 endoplasms
  5 goblins
  10 hobgoblins
  8 jackals
  16 kobolds
  4 quokkas
  4 ball pythons
  3 ball python skeletons (Ossuary)
  A bat (D:1)
  14 frilled lizards
  3 kobold skeletons (Ossuary)
  4 orc skeletons (Ossuary)
  6 rats
197 creatures vanquished.

Vanquished Creatures (others)
  An orc wizard (D:4)
  2 orcs (D:4)
3 creatures vanquished.

Grand Total: 200 creatures vanquished

Notes
Turn   | Place    | Note
-------+----------+-------------------------------------------
     0 | D:1      | Gadfly the Demonspawn Monk began the quest for the Orb.
     0 | D:1      | Reached XP level 1. HP: 18/18 MP: 1/1
   243 | D:1      | Discovered your monstrous ancestry.
   243 | D:1      | Gained mutation: You have a small tail. [demonic ancestry]
   243 | D:1      | Reached XP level 2. HP: 24/24 MP: 2/2
   508 | D:2      | Noticed Sigmund
   580 | D:2      | Killed Sigmund
   581 | D:2      | Gained mutation: You have large cloven feet. [demonic
                  | ancestry]
   581 | D:2      | Reached XP level 3. HP: 2/29 MP: 3/3
   581 | D:2      | Gained mutation: You have a pair of small antennae on your
                  | head. [demonic ancestry]
   581 | D:2      | Reached XP level 4. HP: 3/36 MP: 4/4
   581 | D:2      | Gained mutation: You have a pair of antennae on your head.
                  | [demonic ancestry]
   581 | D:2      | Reached XP level 5. HP: 4/41 MP: 5/5
   815 | D:2      | Found a faded altar of an unknown god.
  1310 | D:3      | Noticed Natasha
  1317 | D:3      | Killed Natasha
  1324 | D:3      | Identified the +2 cloak "Saebehe" {rC+ rN+ Regen+ Int+2}
  1356 | D:3      | Identified the +4 scale mail of Happy Babbling {-Tele Int-3
                  | Dex+5 Slay+2}
  1392 | D:3      | Found an ornate altar of the Wu Jian Council.
  1501 | D:3      | Noticed Natasha
  1510 | D:3      | Killed Natasha
  1511 | D:3      | Reached XP level 6. HP: 36/48 MP: 6/6
  1565 | D:3      | Noticed Natasha
  1573 | D:3      | Killed Natasha
  1677 | D:3      | Noticed Jessica
  1691 | D:3      | Killed Jessica
  1813 | D:3      | Became a worshipper of the Wu Jian Council
  1813 | D:3      | Reached * piety under Wu Jian
  1813 | D:3      | Reached ** piety under Wu Jian
  2343 | D:4      | Found a stormy altar of Qazlal.
  2359 | D:4      | Reached XP level 7. HP: 45/54 MP: 7/7
  2379 | D:4      | Found a burning altar of Makhleb.
  2442 | D:4      | Found a sparkling altar of Nemelex Xobeh.
  2748 | D:4      | Found a staircase to the Ecumenical Temple.
  2839 | Temple   | Entered the Ecumenical Temple
  2888 | D:5      | Entered Level 5 of the Dungeon
  2927 | D:5      | Found a hide-covered altar of Uskayaw.
  2972 | D:5      | Found Qirphig's Distillery.
  2982 | D:5      | Bought a potion of lignification for 36 gold pieces
  2982 | D:5      | Bought a potion of might for 48 gold pieces
  2982 | D:5      | Bought a potion of degeneration for 12 gold pieces
  3008 | D:5      | Found Ycvo's Armour Emporium.
  3126 | D:5      | Found Yddabb's Distillery.
  3138 | D:5      | Found Upoerooc's Distillery.
  3158 | D:5      | Bought a potion of cancellation for 112 gold pieces
  3159 | D:5      | Noticed a wyvern
  3177 | D:5      | Killed a wyvern
  3180 | D:5      | Reached *** piety under Wu Jian
  3191 | D:5      | Reached XP level 8. HP: 41/61 MP: 8/8
  3245 | D:5      | Found Kaximief's Assorted Antiques.
  3260 | D:5      | Bought a scroll labelled PEMAKHL SUEBAH for 24 gold pieces
  3260 | D:5      | Bought a scroll labelled ZENWECI MERYPN for 24 gold pieces
  3262 | D:5      | Bought a scroll of identify for 48 gold pieces
  3702 | D:6      | Found a shadowy altar of Dithmenos.
  4156 | D:6      | Reached skill level 5 in Dodging
  4179 | D:6      | Reached skill level 5 in Unarmed Combat
  4281 | D:6      | Reached skill level 5 in Fighting
  4899 | D:7      | Found a sand-covered staircase.
  4908 | Ossuary  | Entered an ossuary
  5051 | Ossuary  | Gained mutation: You have hoof-like feet. [demonic
                  | ancestry]
  5051 | Ossuary  | Reached XP level 9. HP: 62/67 MP: 9/9
  5272 | D:7      | Reached skill level 5 in Shapeshifting
  5809 | D:7      | Reached skill level 5 in Evocations
  5860 | D:7      | Reached **** piety under Wu Jian
  6406 | D:8      | Found a flagged portal.
  6512 | Bailey   | Entered a bailey
  6646 | Bailey   | Noticed an orc knight
  6674 | Bailey   | Demolished by an orc warrior

Illustrated notes

Levels and vault maps discovered:
D:1:      lemuel_arrival_lava_pool, layout_rooms, st_stairs_12
D:2:      layout_loops_cross, shapermc_ecumenical_altar_mp_urbaneastern,
          chequers_arboretum, uniq_sigmund
D:3:      layout_rooms, nicolae_overflow_crystal_walls, uniq_natasha,
          uniq_jessica
D:4:      layout_basic, mainiacjoe_overflow_large_starburst,
          kennysheep_mini_moat, lemuel_temple_firewalk_a, dk_noncrumbling_2,
          minivault_11, minmay_lizard_king
D:5:      layout_loops_ring, eat_drink_and_be_merry_uskayaw, serial_shops,
          nicolae_shop_hallway_plus, nicolae_square_shop, shop,
          nicolae_shop_crystal, shop_statue, st_stairs_12
D:6:      nicolae_cairo_tiling, layout_basic, grunt_dithmenos_smoke
D:7:      layout_cave_pods, enter_ossuary_1
D:8:      layout_layer_cave, enter_bailey_8, patterned_corridor
Temple:   nicolae_temple_two_arcs
Bailey:   bailey_axe_minmay_hex_keep, bailey

Skill      XL: |  1  2  3  4  5  6  7  8  9 |
---------------+----------------------------+-----
Dodging        | 3 4 5 6 |  6.5
Unarmed Combat | 3 4 5 6 |  6.6
Evocations     | 2 3 4 5 |  5.3
Shapeshifting  | 2 3 4 5 |  5.7
Fighting       | 4 5 |  5.9

Action                     |  1- 3 |  4- 6 |  7- 9 || total
---------------------------+-------+-------+-------++-------
  Melee: Unarmed           |    61 |   111 |    23 ||   195
         Tailslap          |     2 |    18 |    45 ||    65
         Kick              |       |    44 |   136 ||   180
         Short sword       |       |       |   340 ||   340
Ability: Lunge             |       |     3 |    24 ||    27
         Whirlwind         |       |       |     9 ||     9
         Wall Jump         |       |       |     2 ||     2
  Evoke: Wand              |       |       |     4 ||     4
    Use: Potion            |     2 |       |     2 ||     4
         Scroll            |       |    10 |     5 ||    15
 Armour: Robe              |    22 |    47 |   204 ||   273
  Dodge: Dodged            |    41 |    62 |   267 ||   370
